| TOP OF THE 1ST |
|
Frisco RoughRiders batting - Pitching for Midland RockHounds : RHP Reynaldo Edwards
|
|
Pitching: RHP Reynaldo Edwards
|
|
|
Batting: LHB Davey Schonewille
|
0-0: Ball 1-0: Foul Ball, location: 2F 1-1: Ball 2-1: Foul Ball, location: 2F 2-2: Ground out 2-3 (Groundball, 13S, EV 63.8 MPH)
|
|
Batting: SHB Johnny Stables
|
0-0: SINGLE (Groundball, 5S, EV 66.2 MPH) (infield hit)
|
|
Batting: LHB Justin Barker
|
0-0: Called Strike 0-1: Ball 1-1: Foul Ball, location: 2F 1-2: Ball 2-2: Ball 3-2: Strikes out looking Johnny Stables is caught stealing 2nd base 2-6 Batter strikes out.
|
| Top of the 1st over - 0 runs, 1 hit, 0 errors, 0 left on base; Frisco 0 - Midland 0 |
| BOTTOM OF THE 1ST |
|
Midland RockHounds batting - Pitching for Frisco RoughRiders : LHP Jordan Ruiz
|
|
Pitching: LHP Jordan Ruiz
|
|
|
Batting: RHB Carlos Ballesteros
|
0-0: Called Strike 0-1: Fly out, F8 (Flyball, 8LS, EV 88.1 MPH)
|
|
Batting: RHB Dave Glenn
|
0-0: Foul Ball, location: 2F 0-1: Ball 1-1: Ground out 6-3 (Groundball, 56, EV 76.9 MPH)
|
|
Batting: RHB Eduardo Chavez
|
0-0: SINGLE (Groundball, 56D, EV 105.0 MPH)
|
|
Batting: LHB Chance Stever
|
0-0: Called Strike 0-1: Foul Ball, location: 2F 0-2: Ball 1-2: Ball 2-2: Ball 3-2: Foul Ball, location: 2F 3-2: Strikes out swinging
|
| Bottom of the 1st over - 0 runs, 1 hit, 0 errors, 1 left on base; Frisco 0 - Midland 0 |
| TOP OF THE 2ND |
|
Frisco RoughRiders batting - Pitching for Midland RockHounds : RHP Reynaldo Edwards
|
|
Batting: LHB Alfonso Collazo
|
0-0: Ball 1-0: Fly out, F7 (Flyball, 7, EV 83.8 MPH)
|
|
Batting: RHB Chris Torlak
|
0-0: Ball 1-0: Ball 2-0: Called Strike 2-1: DOUBLE (Flyball, 8LXD, EV 96.9 MPH)
|
|
Batting: RHB Adryão Anto
|
0-0: Foul Ball, location: 2F 0-1: Foul Ball, location: 2F 0-2: Foul Ball, location: 2F 0-2: Strikes out swinging
|
|
Batting: RHB Zach Thomason
|
0-0: Called Strike 0-1: Swinging Strike 0-2: Ground out U3 (Groundball, 3, EV 93.8 MPH)
|
| Top of the 2nd over - 0 runs, 1 hit, 0 errors, 1 left on base; Frisco 0 - Midland 0 |
| BOTTOM OF THE 2ND |
|
Midland RockHounds batting - Pitching for Frisco RoughRiders : LHP Jordan Ruiz
|
|
Batting: LHB Zachary DeLuca
|
0-0: Called Strike 0-1: Ball 1-1: SINGLE (Line Drive, 78S, EV 93.8 MPH)
|
|
Batting: SHB Rich Muniz
|
0-0: Ball 1-0: Foul Ball, location: 2F 1-1: Ball 2-1: Ball 3-1: Foul Ball, location: 2F 3-2: Fly out, F8 (Flyball, 89M, EV 85.0 MPH)
|
|
Batting: RHB Armando Estrada
|
0-0: Swinging Strike 0-1: Swinging Strike 0-2: Strikes out looking
|
|
Batting: LHB Billy Schultz
|
0-0: Called Strike 0-1: Fly out, F8 (Flyball, 8LS, EV 83.8 MPH)
|
| Bottom of the 2nd over - 0 runs, 1 hit, 0 errors, 1 left on base; Frisco 0 - Midland 0 |
| TOP OF THE 3RD |
|
Frisco RoughRiders batting - Pitching for Midland RockHounds : RHP Reynaldo Edwards
|
|
Batting: RHB Brandon Davis
|
0-0: Ball 1-0: Called Strike 1-1: Ball 2-1: Called Strike 2-2: Strikes out swinging
|
|
Batting: SHB Reagan Dudley
|
0-0: Called Strike 0-1: Called Strike 0-2: Ball 1-2: Fly out, F8 (Flyball, 8LXD, EV 100.0 MPH)
|
|
Batting: LHB Davey Schonewille
|
0-0: Swinging Strike 0-1: Ball 1-1: Swinging Strike 1-2: Ball 2-2: Ball 3-2: Base on Balls
|
|
Batting: SHB Johnny Stables
|
0-0: Ground out U3 (Groundball, 3, EV 102.5 MPH)
|
| Top of the 3rd over - 0 runs, 0 hits, 0 errors, 1 left on base; Frisco 0 - Midland 0 |
| BOTTOM OF THE 3RD |
|
Midland RockHounds batting - Pitching for Frisco RoughRiders : LHP Jordan Ruiz
|
|
Batting: RHB Dunlang Clark
|
0-0: Ball 1-0: DOUBLE (Groundball, 5L, EV 106.9 MPH)
|
|
Batting: RHB Carlos Ballesteros
|
0-0: Fly out, F7 (Flyball, 7, EV 81.2 MPH)
|
|
Batting: RHB Dave Glenn
|
0-0: Called Strike 0-1: Swinging Strike 0-2: Ball 1-2: Strikes out swinging
|
|
Batting: RHB Eduardo Chavez
|
0-0: Foul Ball, location: 2F 0-1: Ball 1-1: Swinging Strike 1-2: Ball 2-2: Ball 3-2: Base on Balls
|
|
Batting: LHB Chance Stever
|
0-0: Called Strike 0-1: Foul Ball, location: 2F 0-2: Fly out, F5 (Line Drive, 56, EV 73.1 MPH)
|
| Bottom of the 3rd over - 0 runs, 1 hit, 0 errors, 2 left on base; Frisco 0 - Midland 0 |
| TOP OF THE 4TH |
|
Frisco RoughRiders batting - Pitching for Midland RockHounds : RHP Reynaldo Edwards
|
|
Batting: LHB Justin Barker
|
0-0: Ball 1-0: Ball 2-0: Called Strike 2-1: Swinging Strike 2-2: Foul Ball, location: 2F 2-2: Foul Ball, location: 2F 2-2: Ball 3-2: Foul Ball, location: 2F 3-2: Foul Ball, location: 2F 3-2: Hit by Pitch
|
|
Batting: LHB Alfonso Collazo
|
0-0: Fly out, F5 (Popup, 5SF, EV 72.5 MPH)
|
|
Batting: RHB Chris Torlak
|
0-0: Ball 1-0: Swinging Strike 1-1: Ball 2-1: Called Strike 2-2: Strikes out swinging
|
|
Batting: RHB Adryão Anto
|
0-0: Called Strike 0-1: Ball 1-1: SINGLE (Groundball, 56D, EV 94.4 MPH) Justin Barker to second
|
|
Batting: RHB Zach Thomason
|
0-0: Called Strike 0-1: Ball 1-1: Ball 2-1: Swinging Strike 2-2: Foul Ball, location: 2F 2-2: Strikes out swinging
|
| Top of the 4th over - 0 runs, 1 hit, 0 errors, 2 left on base; Frisco 0 - Midland 0 |
| BOTTOM OF THE 4TH |
|
Midland RockHounds batting - Pitching for Frisco RoughRiders : LHP Jordan Ruiz
|
|
Batting: LHB Zachary DeLuca
|
0-0: Ball 1-0: Foul Ball, location: 2F 1-1: Ball 2-1: DOUBLE (Flyball, 8LXD, EV 115.0 MPH)
|
|
Batting: SHB Rich Muniz
|
0-0: Foul Ball, location: 2F 0-1: Fly out, F8 (Flyball, 89M, EV 92.5 MPH)
|
|
Batting: RHB Armando Estrada
|
0-0: Ball 1-0: Called Strike 1-1: Called Strike 1-2: Ball 2-2: Ground out 5-3 (Groundball, 5, EV 87.5 MPH)
|
|
Batting: LHB Billy Schultz
|
0-0: Called Strike 0-1: Ball 1-1: Called Strike 1-2: SINGLE (Groundball, 56, EV 99.4 MPH) Zachary DeLuca to third Runner from 3rd tries for Home, SAFE, throw by LF to home
|
|
Batting: RHB Dunlang Clark
|
0-0: Called Strike 0-1: Swinging Strike 0-2: Strikes out swinging
|
| Bottom of the 4th over - 1 run, 2 hits, 0 errors, 1 left on base; Frisco 0 - Midland 1 |
| TOP OF THE 5TH |
|
Frisco RoughRiders batting - Pitching for Midland RockHounds : RHP Reynaldo Edwards
|
|
Batting: RHB Brandon Davis
|
0-0: Called Strike 0-1: Foul Ball, location: 2F 0-2: Ball 1-2: Ball 2-2: Ball 3-2: SINGLE (Groundball, 5, EV 102.5 MPH)
|
|
Batting: SHB Reagan Dudley
|
0-0: Called Strike 0-1: Foul Ball, location: 2F 0-2: Ball 1-2: Ball 2-2: Strikes out swinging
|
|
Batting: LHB Davey Schonewille
|
0-0: Ball 1-0: Ball 2-0: Ball 3-0: Swinging Strike 3-1: Base on Balls Brandon Davis to second
|
|
Batting: SHB Johnny Stables
|
0-0: Called Strike 0-1: Swinging Strike 0-2: Ball 1-2: Ball 2-2: Strikes out swinging
|
|
Batting: LHB Justin Barker
|
0-0: Foul Ball, location: 2F 0-1: Ball 1-1: Called Strike 1-2: Foul Ball, location: 2F 1-2: Strikes out looking
|
| Top of the 5th over - 0 runs, 1 hit, 0 errors, 2 left on base; Frisco 0 - Midland 1 |
| BOTTOM OF THE 5TH |
|
Midland RockHounds batting - Pitching for Frisco RoughRiders : LHP Jordan Ruiz
|
|
Batting: RHB Carlos Ballesteros
|
0-0: Ball 1-0: Foul Ball, location: 2F 1-1: Ground out 1-3 (Groundball, P, EV 70.0 MPH)
|
|
Batting: RHB Dave Glenn
|
0-0: Called Strike 0-1: SINGLE (Groundball, P, EV 84.4 MPH) (infield hit)
|
|
Batting: RHB Eduardo Chavez
|
0-0: Ball 1-0: Foul Ball, location: 2F 1-1: Foul Ball, location: 2F 1-2: Strikes out swinging
|
|
Batting: LHB Chance Stever
|
0-0: Foul Ball, location: 2F 0-1: Ball 1-1: Ball 2-1: Ball 3-1: Fly out, F9 (Line Drive, 9LS, EV 100.6 MPH)
|
| Bottom of the 5th over - 0 runs, 1 hit, 0 errors, 1 left on base; Frisco 0 - Midland 1 |
| TOP OF THE 6TH |
|
Frisco RoughRiders batting - Pitching for Midland RockHounds : RHP Reynaldo Edwards
|
|
Batting: LHB Alfonso Collazo
|
0-0: Foul Ball, location: 2F 0-1: Ball 1-1: SINGLE (Line Drive, 6MD, EV 106.9 MPH)
|
|
Batting: RHB Chris Torlak
|
0-0: Called Strike 0-1: Called Strike 0-2: Ball 1-2: Foul Ball, location: 2F 1-2: Strikes out looking
|
|
Batting: RHB Adryão Anto
|
0-0: Ball 1-0: Ball 2-0: Foul Ball, location: 2F 2-1: Foul Ball, location: 2F 2-2: Foul Ball, location: 2F 2-2: Ball 3-2: Foul Ball, location: 2F 3-2: Foul Ball, location: 2F 3-2: Fielders Choice at 2nd, 5-4 (Groundball, 5L, EV 80.6 MPH)
|
|
Batting: RHB Zach Thomason
|
0-0: Called Strike Adryão Anto steals 2nd base 0-1: Called Strike 0-2: Ball 1-2: Foul Ball, location: 2F 1-2: Foul Ball, location: 2F 1-2: Strikes out swinging
|
| Top of the 6th over - 0 runs, 1 hit, 0 errors, 1 left on base; Frisco 0 - Midland 1 |
| BOTTOM OF THE 6TH |
|
Midland RockHounds batting - Pitching for Frisco RoughRiders : LHP Jordan Ruiz
|
|
Batting: LHB Zachary DeLuca
|
0-0: Swinging Strike 0-1: Ground out 4-3 (Groundball, 4, EV 98.1 MPH)
|
|
Batting: SHB Rich Muniz
|
0-0: Ball 1-0: Ball 2-0: Ball 3-0: Called Strike 3-1: Base on Balls
|
|
Batting: RHB Armando Estrada
|
0-0: Ball 1-0: Ball 2-0: Called Strike 2-1: Ground out 5-3 (Groundball, 5S, EV 68.8 MPH) Rich Muniz to second
|
|
Batting: LHB Billy Schultz
|
0-0: Called Strike 0-1: Ball 1-1: Ball 2-1: Foul Ball, location: 2F 2-2: Foul Ball, location: 2F 2-2: Strikes out swinging
|
| Bottom of the 6th over - 0 runs, 0 hits, 0 errors, 1 left on base; Frisco 0 - Midland 1 |
| TOP OF THE 7TH |
|
Frisco RoughRiders batting - Pitching for Midland RockHounds : RHP Reynaldo Edwards
|
|
Pitching: RHP Josh Hebert
|
|
|
Batting: RHB Brandon Davis
|
0-0: Called Strike 0-1: Ball 1-1: Ball 2-1: Swinging Strike 2-2: DOUBLE (Line Drive, 89D, EV 106.9 MPH)
|
|
Batting: SHB Reagan Dudley
|
0-0: Sac Bunt to 15 - play at first, batter OUT! 1-3 Brandon Davis to third
|
|
Batting: LHB Davey Schonewille
|
0-0: Swinging Strike 0-1: Foul Ball, location: 2F 0-2: Fly out, F8 (Flyball, 8LD, EV 100.0 MPH) Runner from 3rd tags up, SCORES, throw by CF
|
|
Batting: SHB Johnny Stables
|
0-0: Called Strike 0-1: Ball 1-1: Ball 2-1: Ball 3-1: Base on Balls
|
|
Batting: LHB Justin Barker
|
0-0: Ball 1-0: 2-RUN HOME RUN (Flyball, 9LD, EV 95.0 MPH), Distance : 329 ft
|
|
Pitching: RHP Dave Quintero
|
|
|
Batting: LHB Alfonso Collazo
|
0-0: Ground out 6-3 (Groundball, 6M, EV 109.4 MPH)
|
| Top of the 7th over - 3 runs, 2 hits, 0 errors, 0 left on base; Frisco 3 - Midland 1 |
| BOTTOM OF THE 7TH |
|
Midland RockHounds batting - Pitching for Frisco RoughRiders : LHP Jordan Ruiz
|
|
Batting: RHB Dunlang Clark
|
0-0: Ball 1-0: Foul Ball, location: 2F 1-1: Ground out 4-3 (Groundball, 4, EV 104.4 MPH)
|
|
Pitching: RHP Willie Felix
|
|
|
Batting: RHB Carlos Ballesteros
|
0-0: Fly out, F7 (Flyball, 7D, EV 101.9 MPH)
|
|
Batting: RHB Dave Glenn
|
0-0: Called Strike 0-1: Called Strike 0-2: Ball 1-2: Strikes out looking
|
| Bottom of the 7th over - 0 runs, 0 hits, 0 errors, 0 left on base; Frisco 3 - Midland 1 |
| TOP OF THE 8TH |
|
Frisco RoughRiders batting - Pitching for Midland RockHounds : RHP Dave Quintero
|
|
Batting: RHB Chris Torlak
|
0-0: Called Strike 0-1: Swinging Strike 0-2: Foul Ball, location: 2F 0-2: Ball 1-2: Ground out 4-3 (Groundball, 4M, EV 86.2 MPH)
|
|
Batting: RHB Adryão Anto
|
0-0: Ball 1-0: Fly out, F8 (Line Drive, 8RD, EV 91.9 MPH)
|
|
Batting: RHB Zach Thomason
|
0-0: Ball 1-0: Ball 2-0: Foul Ball, location: 2F 2-1: Ground out 6-3 (Groundball, 56, EV 84.4 MPH)
|
| Top of the 8th over - 0 runs, 0 hits, 0 errors, 0 left on base; Frisco 3 - Midland 1 |
| BOTTOM OF THE 8TH |
|
Midland RockHounds batting - Pitching for Frisco RoughRiders : RHP Willie Felix
|
|
Batting: RHB Eduardo Chavez
|
0-0: Called Strike 0-1: Foul Ball, location: 2F 0-2: TRIPLE (Flyball, 89XD, EV 112.5 MPH)
|
|
Pitching: LHP Justin Harris
|
|
|
Batting: RHB Luis Restrepo
|
0-0: Ball 1-0: Called Strike 1-1: Ball 2-1: Fly out, F4 (Popup, 4S, EV 83.8 MPH)
|
|
Pinch Hitting: RHB Jonathan Gallup
|
0-0: Called Strike 0-1: Ball 1-1: Ball 2-1: Ball 3-1: Foul Ball, location: 2F 3-2: Ground out 3-1 (Groundball, 34, EV 109.4 MPH) Eduardo Chavez scores
|
|
Pitching: RHP Mario Vizcaya
|
|
|
Batting: SHB Rich Muniz
|
0-0: SOLO HOME RUN (Line Drive, 9LD, EV 96.2 MPH), Distance : 355 ft
|
|
Batting: RHB Armando Estrada
|
0-0: SINGLE (Flyball, 56D, EV 83.8 MPH)
|
|
Batting: LHB Billy Schultz
|
0-0: Called Strike 0-1: Foul Ball, location: 2F 0-2: Ground out U3 (Groundball, 3L, EV 106.2 MPH)
|
| Bottom of the 8th over - 2 runs, 3 hits, 0 errors, 1 left on base; Frisco 3 - Midland 3 |
| TOP OF THE 9TH |
|
Frisco RoughRiders batting - Pitching for Midland RockHounds : RHP Dave Quintero
|
|
Now at 1B: Danny Heikkila
|
|
|
Pinch Hitting: LHB Ben Radach
|
0-0: SOLO HOME RUN (Flyball, 7D, EV 98.1 MPH), Distance : 374 ft
|
|
Batting: SHB Reagan Dudley
|
0-0: Foul Ball, location: 2F 0-1: Ball 1-1: Ball 2-1: SOLO HOME RUN (Flyball, 9LD, EV 93.1 MPH), Distance : 332 ft
|
|
Batting: LHB Davey Schonewille
|
0-0: Called Strike 0-1: Ball 1-1: Ball 2-1: Ball 3-1: Base on Balls
|
|
Batting: SHB Johnny Stables
|
0-0: Ball Davey Schonewille steals 2nd base 1-0: Intentional Walk
|
|
Batting: LHB Justin Barker
|
0-0: Swinging Strike 0-1: Called Strike 0-2: Ball 1-2: Ball 2-2: Foul Ball, location: 2F 2-2: Strikes out swinging
|
|
Batting: LHB Alfonso Collazo
|
0-0: 3-RUN HOME RUN (Flyball, 9D, EV 98.1 MPH), Distance : 372 ft
|
|
Pitching: RHP Javy Rodriquez
|
|
|
Batting: RHB Chris Torlak
|
0-0: Called Strike 0-1: Ball 1-1: Foul Ball, location: 2F 1-2: Ball 2-2: Ground out 6-3 (Groundball, 6, EV 105.0 MPH)
|
|
Batting: RHB Adryão Anto
|
0-0: Ball 1-0: Ball 2-0: Called Strike 2-1: Swinging Strike 2-2: Ball 3-2: Strikes out swinging
|
| Top of the 9th over - 5 runs, 3 hits, 0 errors, 0 left on base; Frisco 8 - Midland 3 |
| BOTTOM OF THE 9TH |
|
Midland RockHounds batting - Pitching for Frisco RoughRiders : RHP Mario Vizcaya
|
|
Now in LF: Franklin Quezada
|
|
|
Batting: RHB Dunlang Clark
|
0-0: Ground out 6-3 (Groundball, 6M, EV 83.1 MPH)
|
|
Batting: RHB Carlos Ballesteros
|
0-0: Called Strike 0-1: Called Strike 0-2: Ball 1-2: Foul Ball, location: 2F 1-2: Ball 2-2: Ball 3-2: SINGLE (Groundball, 6S, EV 70.0 MPH) (infield hit)
|
|
Batting: RHB Dave Glenn
|
0-0: Called Strike 0-1: Ball 1-1: Ball 2-1: Fly out, F9 (Line Drive, 89M, EV 88.1 MPH)
|
|
Batting: RHB Eduardo Chavez
|
0-0: Called Strike 0-1: Foul Ball, location: 2F 0-2: Foul Ball, location: 2F 0-2: Ball 1-2: Fly out, F9 (Flyball, 89M, EV 81.2 MPH)
|
| Bottom of the 9th over - 0 runs, 1 hit, 0 errors, 1 left on base; Frisco 8 - Midland 3 |
|